 Dungeon Sprint DCSS version 0.32-a0-422-g28b100f618 (webtiles) character file.

Game seed: 3257618108920026526

167 adelrune the Ruffian (level 5, -4/55 HPs)
             Began as a Troll Fighter on Feb 21, 2024.
             Was an Initiate of Ru.
             Slain by a two-headed ogre
             ... wielding a +0 giant spiked club
              (10 damage)
             ... in the Dungeon (Sprint IX: "|||||||||||||||||||||||||||||").
             The game lasted 00:01:01 (124 turns).

adelrune the Ruffian (Troll Fighter)                 Turns: 124, Time: 00:01:01

Health: -4/55      AC:  5    Str: 24    XL:     5   Next: 23%
Magic:  4/4        EV: 12    Int:  4    God:    Ru [......]
Gold:   0          SH:  9    Dex: 14    Spells: 4/4 levels left

rFire   . .          .
                       - Unarmed
rCold   . . .        b - +0 kite shield
rNeg    . . .        a - +0 robe
rPois   .            (helmet restricted)
rElec   .            m - +0 cloak
rCorr   .            (gloves unavailable)
SInv    .            (boots unavailable)
Will    .....        (no amulet)
Stlth   +            n - +2 ring of evasion
HPRegen 1.09/turn    o - +3 ring of dexterity
MPRegen 0.09/turn

%: no teleportation
@: no status effects
A: large, unfitting armour, claws 3, regeneration 1, shaggy fur 1, tough skin 1
a: Renounce Religion


You were in the Dungeon.
You worshipped Ru.
Ru was noncommittal.
You visited 1 branch

Inventory:

Armour
 a - a +0 robe (worn)
 b - a +0 kite shield (worn)
 m - a +0 cloak (worn)
Jewellery
 n - a +2 ring of evasion (left claw)
 o - a +3 ring of dexterity (right claw)
Wands
 l - a wand of iceblast (10)
Scrolls
 i - 2 scrolls of blinking
 k - 2 scrolls of amnesia
Potions
 c - a potion of might
 d - 5 potions of curing
 e - 3 potions of heal wounds
 f - a potion of haste
 g - 4 potions of magic
 h - a potion of berserk rage
 j - a potion of invisibility


   Skills:
 + Level 4.6 Fighting
 + Level 4.6 Dodging
 + Level 5.1 Shields
 * Level 7.0 Unarmed Combat


You had 4 spell levels left.
You didn't know any spells.
Your spell library was empty.

Dungeon Overview and Level Annotations

Branches:
Dungeon (1/1)

Altars:
Cheibriados
Dithmenos
Elyvilon
Fedhas
Gozag
Hepliaklqana
Kikubaaqudgha
Makhleb
Nemelex Xobeh
Okawaru
Qazlal
Ru
Sif Muna
Trog
Uskayaw
Vehumet
Wu Jian
Xom
Yredelemnul
Zin
The Shining One
Beogh
Jiyva
Lugonu


Innate Abilities, Weirdness & Mutations

You are too large for most types of armour.
You have claws for hands.
Your natural rate of healing is unusually fast.
You are covered in fur. (AC +1)
You have tough skin. (AC +1)


Message History

You see here a +0 helmet.
You see here a +1 chain mail.
n - a +2 ring of evasion
o - a +3 ring of dexterity
n - a +2 ring of evasion (left claw)
You feel agile.
o - a +3 ring of dexterity (right claw)
You open the door.
A two-headed ogre, a kobold brigand, a killer bee, a centaur, a komodo dragon and a yak come into view.
The kobold brigand is wielding a +0 dagger and quivering poisoned darts.
The centaur shouts!
The yak bellows!
The two-headed ogre shouts in stereo!
The kobold brigand shouts!
The killer bee buzzes angrily.
You scratch the two-headed ogre.
The two-headed ogre is lightly wounded.
The two-headed ogre closely misses you.
The two-headed ogre hits you with a +0 giant spiked club!
You completely miss the two-headed ogre.
The two-headed ogre is lightly wounded.
You scratch the two-headed ogre.
The two-headed ogre is lightly wounded.
The two-headed ogre hits you with a +0 giant spiked club!!
You block the two-headed ogre's attack.
You scratch the two-headed ogre.
The two-headed ogre is lightly wounded.
The two-headed ogre hits you with a +0 giant spiked club!
* * * LOW HITPOINT WARNING * * *
The two-headed ogre barely misses you.
You scratch the two-headed ogre.
The two-headed ogre is moderately wounded.
You claw the two-headed ogre!
The two-headed ogre is severely wounded.
The two-headed ogre misses you. You block the two-headed ogre's attack.
You claw the two-headed ogre!
The two-headed ogre is almost dead.
The two-headed ogre hits you with a +0 giant spiked club!
* * * LOW HITPOINT WARNING * * *
The two-headed ogre hits you with a +0 giant spiked club!
You die...
Ru respects your ultimate sacrifice. ▓▓▓▓▓▓▓▓▓▓▓▓▓▓▓▓▓▓▓▓▓▓▓▓ _______'..)..[[.@OKylcY. ▓▓▓▓▓▓▓▓▓▓▓▓▓▓▓▓▓▓▓▓▓▓▓▓

You could see a two-headed ogre, a komodo dragon, a yak, a kobold brigand, a centaur and a killer bee.

Vanquished Creatures
  A phantom (D)
  2 hounds (D)
  2 adders (D)
  An endoplasm (D)
  A jackal (D)
  A quokka (D)
  A frilled lizard (D)
  A rat (D)
10 creatures vanquished.

Notes
Turn   | Place    | Note
-------+----------+-------------------------------------------
     0 | D        | adelrune the Troll Fighter began the quest for the Orb.
     0 | D        | Reached XP level 1. HP: 22/22 MP: 0/0
    18 | D        | Reached skill level 3 in Unarmed Combat
    24 | D        | Reached XP level 2. HP: 29/29 MP: 1/1
    29 | D        | Noticed a phantom
    40 | D        | Reached skill level 4 in Unarmed Combat
    40 | D        | Reached XP level 3. HP: 34/37 MP: 2/2
    41 | D        | Reached skill level 5 in Unarmed Combat
    41 | D        | Reached XP level 4. HP: 45/48 MP: 3/3
    48 | D        | Killed a phantom
    49 | D        | Reached skill level 5 in Shields
    49 | D        | Reached skill level 6 in Unarmed Combat
    49 | D        | Reached XP level 5. HP: 52/55 MP: 4/4
    53 | D        | Reached skill level 7 in Unarmed Combat
    58 | D        | Found a roughly hewn altar of Beogh.
    58 | D        | Found a snail-covered altar of Cheibriados.
    58 | D        | Found a shadowy altar of Dithmenos.
    58 | D        | Found a white marble altar of Elyvilon.
    58 | D        | Found a blossoming altar of Fedhas.
    58 | D        | Found an opulent altar of Gozag.
    59 | D        | Found a hazy altar of Hepliaklqana.
    60 | D        | Found a viscous altar of Jiyva.
    61 | D        | Found an ancient bone altar of Kikubaaqudgha.
    62 | D        | Found a corrupted altar of Lugonu.
    63 | D        | Found a burning altar of Makhleb.
    64 | D        | Found a sparkling altar of Nemelex Xobeh.
    67 | D        | Found an iron altar of Okawaru.
    68 | D        | Found a stormy altar of Qazlal.
    69 | D        | Found a sacrificial altar of Ru.
    70 | D        | Found a shimmering blue altar of Sif Muna.
    71 | D        | Found a bloodstained altar of Trog.
    72 | D        | Found a hide-covered altar of Uskayaw.
    73 | D        | Found a radiant altar of Vehumet.
    74 | D        | Found an ornate altar of the Wu Jian Council.
    75 | D        | Found a shimmering altar of Xom.
    76 | D        | Found a basalt altar of Yredelemnul.
    77 | D        | Found a glowing silver altar of Zin.
    79 | D        | Became a worshipper of Ru the Awakened
    81 | D        | Found a glowing golden altar of the Shining One.
   117 | D        | Noticed a two-headed ogre
   117 | D        | Noticed a centaur
   117 | D        | Noticed a komodo dragon
   117 | D        | Noticed a yak
   124 | D        | Slain by a two-headed ogre

Illustrated notes

Levels and vault maps discovered:
D:        linesprint [early_d, line_temple, items_1, d_10, items_2, lair_1,
          lair_end, items_3, orc_1, orc_end, items_4, d_15, swamp_1, shoals_1,
          snake_1, spider_1, d_20, vaults_1, items_5, swamp_end, shoals_end,
          snake_end, spider_end, vaults_end, d_27, items_6, zot_1, zot_end,
          crypt_end, forest_end, elf_end, slime_end, tomb_end, abyss_end,
          pan_hell_end]

Skill      XL: |  1  2  3  4  5 |
---------------+----------------+-----
Shields        | 3 4 5 |  5.1
Unarmed Combat | 3 4 5 6 7 |  7.0
Fighting       | 3 4 |  4.6
Dodging        | 3 4 |  4.6

Action                     |  1- 3 |  4- 6 || total
---------------------------+-------+-------++-------
  Melee: Unarmed           |    29 |    19 ||    48
 Armour: Robe              |    10 |    11 ||    21
  Dodge: Dodged            |     8 |     6 ||    14
  Block: Kite shield       |    14 |     5 ||    19

Table legend: (Time is in decaauts)
 A = Elapsed time spent in this place.
 B = Non-inter-level travel time spent in this place.
 C = Inter-level travel time spent in this place.
 D = Time resting spent in this place.
 E = Time spent auto-exploring this place.
 F = Levels seen in this place.
 G = Mean time per level.
                   A        B        C        D        E       F      G
               +--------+--------+--------+--------+--------+-----+--------+
         Total |    125 |    125 |      0 |      0 |      3 |   1 |  125.0 |
       Dungeon |    125 |    125 |      0 |      0 |      3 |   1 |  125.0 |
               +--------+--------+--------+--------+--------+-----+--------+

Top non-repeatable levels by time:
       D: 125 daAuts
